 Dungeon Sprint DCSS version 0.17-a0-1450-g7e755d1 (webtiles) character file.

1955 shklvsk the Nimble (level 8, -6/58 HPs)
             Began as a Demonspawn Abyssal Knight on June 30, 2015.
             Was a High Priest of Lugonu.
             Mangled by a basilisk (11 damage)
             ... in the Dungeon (Sprint IX: "|||||||||||||||||||||||||||||").
             The game lasted 00:04:18 (1127 turns).

shklvsk the Nimble (Demonspawn Abyssal Knight)      Turns: 1127, Time: 00:04:19

Health: -6/58      AC: 15    Str: 15    XL:     8   Next: 99%
Magic:  1/14       EV: 17    Int: 13    God:    Lugonu [*****.]
Gold:   0          SH:  0    Dex: 18    Spells: 0 memorised, 7 levels left

rFire  . . .     SeeInvis .     n - +2 dire flail (drain)
rCold  . . .     Clarity  .     q - +1 scale mail
rNeg   . . .     SustAt   .     (no shield)
rPois  .         Gourm    .     (no helmet)
rElec  .         Spirit   .     o - +0 cloak
rCorr  .         Warding  .     p - +0 pair of gloves
rMut   .         NoTele   +     (no boots)
MR     .....                    (no amulet)
Stlth  ..........               s - +3 ring of dexterity
                                r - +3 ring of dexterity

@: not resistant to hostile enchantments, extremely unstealthy
A: claws 1, rough black scales 1
a: Bend Space, Banish, Corrupt, Renounce Religion


You were in the Dungeon.
You worshipped Lugonu.
Lugonu was extremely pleased with you.
You were not hungry.

You visited 1 branch

Inventory:

Hand weapons
 a - a +1 falchion
 n - a +2 dire flail of draining (weapon)
 t - a +2 scimitar of holy wrath
Armour
 o - a +0 cloak (worn)
 p - a +0 pair of gloves (worn)
 q - a +1 scale mail (worn)
Jewellery
 r - a +3 ring of dexterity (left hand)
 s - a +3 ring of dexterity (right hand)
 v - an uncursed ring of protection from cold
Magical devices
 m - a wand of draining (7)
Scrolls
 i - 3 scrolls of blinking
 k - 3 scrolls of remove curse
 l - 2 scrolls of amnesia
 w - 2 scrolls of fog
 x - a scroll of fear
 y - a scroll of identify
Potions
 b - a potion of resistance
 c - a potion of cure mutation
 d - 5 potions of curing
 e - 2 potions of heal wounds
 f - 3 potions of haste
 g - 4 potions of magic
 h - a potion of might
 j - a potion of invisibility
 u - a potion of agility


   Skills:
 - Level 3.0 Fighting
 - Level 3.8 Long Blades
 * Level 9.5 Maces & Flails
 + Level 7.8 Armour
 + Level 12.0 Dodging
 + Level 9.1 Invocations


You had 7 spell levels left.
You didn't know any spells.

Dungeon Overview and Level Annotations

Branches:
Dungeon (1/1)

Altars:
Cheibriados
Dithmenos
Elyvilon
Fedhas
Gozag
Kikubaaqudgha
Makhleb
Nemelex Xobeh
Okawaru
Qazlal
Ru
Sif Muna
Trog
Vehumet
Xom
Yredelemnul
Zin
The Shining One
Beogh
Jiyva
Lugonu


Innate Abilities, Weirdness & Mutations

You have sharp fingernails.
You are partially covered in rough black scales (AC +4, Dex -1).


Message History

The giant frog hits you.
* * * LOW HITPOINT WARNING * * *
Use which ability? (? or * to list) Space bends around you!
You blink.
* * * LOW HITPOINT WARNING * * *
You feel slightly more hungry.
The black mamba hisses angrily.
The porcupine closely misses you. The hippogriff closely misses you.
The hippogriff closely misses you. The hippogriff claws you.
* * * LOW HITPOINT WARNING * * *
Use which ability? (? or * to list) Space bends sharply around you!
The hippogriff blinks!
The porcupine blinks!
You blink.
* * * LOW HITPOINT WARNING * * *
You feel slightly more hungry. The black mamba bites you.
* * * LOW HITPOINT WARNING * * *
The black mamba bites you.
* * * LOW HITPOINT WARNING * * *
The basilisk bites you!
You die...

▓.▓.▓.▓
▓H▓.▓.▓
▓§▓.▓.▓
▓F▓.▓.▓
▓.▓.▓'▓
▓r▓.▓_▓
▓§▓.▓_▓
▓l▓.▓_▓
▓@▓.▓_▓
▓S▓.▓_▓
▓S▓.▓_▓
▓.▓.▓_▓
▓.▓.▓_▓
▓.▓.▓_▓
▓.▓.▓_▓
▓.▓.▓_▓
▓.▓_▓


You could see a black mamba, a basilisk, a water moccasin and a porcupine.

Vanquished Creatures
  A centaur warrior (D)
  A wraith (D)
  A wyvern (D)
  An ogre (D)
  A crocodile (D)
  An orc wizard (D)
  An iguana (D)
  A shadow imp (D)
  An adder zombie (D)
  An orc (D)
  A bat (D)
  A bat zombie (D)
  2 giant cockroaches (D)
  A goblin (D)
  2 hobgoblins (D)
  A kobold (D)
  A quokka (D)
  A quokka skeleton (D)
20 creatures vanquished.

Vanquished Creatures (others)
  A hydra (D)
  A manticore (D)
  A gargoyle (D)
  A centaur (D)
4 creatures vanquished.

Grand Total: 24 creatures vanquished

Notes
Turn   | Place    | Note
--------------------------------------------------------------
     0 | D        | shklvsk the Demonspawn Abyssal Knight began the quest for the Orb.
     0 | D        | Reached XP level 1. HP: 18/18 MP: 2/2
     8 | D        | Reached skill level 1 in Dodging
    10 | D        | Acquired Lugonu's second power
   136 | D        | Acquired Lugonu's third power
   136 | D        | Gained mutation: You are partially covered in rough black scales (AC +4, Dex -1). [demonic ancestry]
   136 | D        | Reached XP level 2. HP: 17/24 MP: 4/4
   149 | D        | Acquired Lugonu's fourth power
   346 | D        | Found a glowing silver altar of Zin.
   346 | D        | Found a glowing golden altar of the Shining One.
   346 | D        | Found an ancient bone altar of Kikubaaqudgha.
   346 | D        | Found a basalt altar of Yredelemnul.
   346 | D        | Found a shimmering altar of Xom.
   346 | D        | Found a radiant altar of Vehumet.
   347 | D        | Found an iron altar of Okawaru.
   348 | D        | Found a burning altar of Makhleb.
   349 | D        | Found a deep blue altar of Sif Muna.
   350 | D        | Found a bloodstained altar of Trog.
   351 | D        | Found a sparkling altar of Nemelex Xobeh.
   352 | D        | Found a white marble altar of Elyvilon.
   353 | D        | Found a roughly hewn altar of Beogh.
   354 | D        | Found a viscous altar of Jiyva.
   355 | D        | Found a corrupted altar of Lugonu.
   356 | D        | Found a blossoming altar of Fedhas.
   357 | D        | Found a snail-covered altar of Cheibriados.
   358 | D        | Found a shadowy altar of Dithmenos.
   359 | D        | Found a stormy altar of Qazlal.
   360 | D        | Found an opulent altar of Gozag.
   361 | D        | Found a sacrificial altar of Ru.
   401 | D        | Noticed an orc wizard
   401 | D        | Noticed an ogre
   401 | D        | Noticed an iguana
   401 | D        | Noticed a centaur
   419 | D        | Killed an orc wizard
   419 | D        | Reached XP level 3. HP: 29/29 MP: 5/5
   423 | D        | Reached skill level 4 in Invocations
   427 | D        | Killed an ogre
   427 | D        | Reached skill level 5 in Dodging
   427 | D        | Reached XP level 4. HP: 22/35 MP: 5/7
   427 | D        | Reached XP level 5. HP: 25/41 MP: 5/8
   428 | D        | Acquired Lugonu's fifth power
   429 | D        | Killed an iguana
   429 | D        | Reached skill level 6 in Dodging
   436 | D        | Banished a centaur
   436 | D        | Reached skill level 5 in Maces & Flails
   602 | D        | Noticed a centaur warrior
   602 | D        | Noticed a wraith
   602 | D        | Noticed a manticore
   602 | D        | Noticed a gargoyle
   602 | D        | Noticed a wyvern
   613 | D        | Killed a centaur warrior
   613 | D        | Reached skill level 7 in Maces & Flails
   613 | D        | Reached skill level 10 in Dodging
   613 | D        | Gained mutation: You have sharp fingernails. [demonic ancestry]
   613 | D        | Reached XP level 6. HP: 47/47 MP: 8/11
   613 | D        | Reached XP level 7. HP: 52/52 MP: 8/12
   619 | D        | Killed a wraith
   619 | D        | Reached XP level 8. HP: 55/58 MP: 8/13
   902 | D        | Banished a manticore
   902 | D        | Reached skill level 11 in Dodging
   904 | D        | Banished a gargoyle
   915 | D        | Killed a wyvern
  1106 | D        | Noticed a crocodile
  1106 | D        | Noticed a giant frog
  1106 | D        | Noticed a six-headed hydra
  1106 | D        | Noticed a porcupine
  1106 | D        | Noticed a hippogriff
  1106 | D        | Noticed a basilisk
  1114 | D        | Banished a six-headed hydra
  1120 | D        | Killed a crocodile
  1120 | D        | Reached skill level 12 in Dodging
  1121 | D        | Noticed a water moccasin
  1122 | D        | Noticed a black mamba
  1127 | D        | Mangled by a basilisk

Vault maps used:
D:        linesprint

Action                   |  1- 3 |  4- 6 |  7- 9 || total
-------------------------+-------+-------+-------++-------
Melee: Falchion          |    58 |       |       ||    58
       Dire flail        |    25 |    15 |    26 ||    66
Invok: Banish            |       |     1 |     6 ||     7
       Bend Space        |       |       |     2 ||     2
  Use: Potion            |     1 |     2 |       ||     3
  Eat: Bread ration      |       |       |     1 ||     1
